 Dungeon Crawl Stone Soup version 0.30.0-11-gf55b779eaf (webtiles) character file.

Game seed: 8995138609158215019

4407 zlionsfan the Skirmisher (level 10, -16/65 HPs)
             Began as a Kobold Cinder Acolyte on May 16, 2023.
             Was an Initiate of Ignis.
             Demolished by a very large slime creature (32 damage)
             ... on level 8 of the Dungeon.
             The game lasted 00:23:57 (7487 turns).

zlionsfan the Skirmisher (Kobold Cinder Acolyte)    Turns: 7487, Time: 00:23:57

Health: -16/65     AC:  9    Str: 11    XL:     10   Next: 62%
Magic:  12/12      EV: 17    Int: 18    God:    Ignis [......]
Gold:   377        SH:  0    Dex: 16    Spells: 8/12 levels left

rFire   + . .        b - +0 triple crossbow
rCold   + . .        (shield currently unavailable)
rNeg    . . .        r - +2 robe {Will+}
rPois   +            E - +0 helmet {Int+3}
rElec   .            (no cloak)
rCorr   .            w - +2 pair of gloves
SInv    .            h - +0 pair of boots
Will    +....        v - amulet of magic regeneration
Stlth   ++++         p - ring of protection from cold
HPRegen 0.30/turn    f - ring of poison resistance
MPRegen 0.53/turn

%: no passive effects
@: no status effects
A: small, no large weapons, nightstalker 3
a: Renounce Religion, Rising Flame


You were on level 8 of the Dungeon.
You worshipped Ignis.
Ignis was noncommittal.
You visited 2 branches of the dungeon, and saw 9 of its levels.

You collected 377 gold pieces.

Inventory:

Hand Weapons
 a - a -1 short sword of flaming
 b - a +0 triple crossbow (weapon)
 q - a +5 falchion
Armour
 h - a +0 pair of boots (worn)
 r - a +2 robe of willpower (worn)
 w - a +2 pair of gloves (worn)
 E - a +0 helmet of intelligence (worn)
Jewellery
 f - a ring of poison resistance (right hand)
 k - a ring of protection from fire
 p - a ring of protection from cold (left hand)
 v - an amulet of magic regeneration (around neck)
Wands
 g - a wand of iceblast (5)
 o - a wand of polymorph (17)
 y - a wand of charming (6)
Scrolls
 l - a scroll of butterflies
 n - a scroll of fear {unknown}
 t - a scroll of amnesia
 z - a scroll of blinking {unknown}
 B - a scroll of poison {unknown}
 C - a scroll of brand weapon {unknown}
 D - a scroll of immolation {unknown}
Potions
 c - a potion of lignification
 e - 2 potions of brilliance {unknown}
 i - 4 potions of cancellation
 j - a potion of curing
 m - 2 potions of degeneration {unknown}
 s - 2 potions of heal wounds {unknown}
 u - 2 potions of mutation
 x - a potion of magic {unknown}
 A - a potion of haste {unknown}


   Skills:
 * Level 8.4 Fighting
 * Level 9.0 Short Blades
 + Level 10.7 Ranged Weapons
 + Level 5.1 Dodging
 + Level 4.7 Stealth
 + Level 1.8 Spellcasting
 * Level 6.1 Fire Magic
 + Level 0.1 Ice Magic


You had 8 spell levels left.
You knew the following spells:

 Your Spells              Type           Power      Damage    Failure   Level
a - Scorch                Fire           46%        2d6       2%          2
b - Freeze                Ice            8%         1d3       17%         1
c - Foxfire               Conj/Fire      48%        2x1d6     5%          1

Your spell library contained the following spells:

 Spells                   Type           Power      Damage    Failure   Level
 Slow                     Hex            4%         N/A       19%         1
 Frozen Ramparts          Ice            4%         1d1       45%         3
 Ozocubu's Armour         Ice            2%         N/A       45%         3
 Hailstorm                Conj/Ice       1%         3d3       47%         3
 Confusing Touch          Hex            1%         N/A       50%         3
 Vampiric Draining        Necr           1%         2d6       50%         3
 Fireball                 Conj/Fire      6%         3d5       82%         5
 Plasma Beam              Fire/Air       6%         2x1d18    100%        6
 Starburst                Conj/Fire      6%         6d4       100%        6
 Ozocubu's Refrigeration  Ice            1%         4d7       100%        7


Dungeon Overview and Level Annotations

Branches:
Dungeon (8/15)             Temple (1/1) D:4
   Lair: D:8-11

Altars:
Cheibriados
Fedhas
Gozag
Kikubaaqudgha
Makhleb
Nemelex Xobeh
Qazlal
Ru
Trog
Uskayaw
Wu Jian
Yredelemnul
Zin

Shops:
D:4 (

Annotations:
D:2 Sigmund
D:3 1 runed translucent door, Crazy Yiuf, Grinder
Temple 4 transporters


Innate Abilities, Weirdness & Mutations

You are small and have problems with some larger weapons.
You are completely attuned to the shadows.


Message History

The slime creature hits you but does no damage.
The slime creature completely misses you.
Casting: Scorch (safe; 2% risk of failure)
Confirm with . or Enter, or press ? or * to list all spells.
Flames lash the slime creature.
The slime creature is lightly wounded.
The slime creature's fire resistance burns away.
The slime creature hits you but does no damage.
You shoot a bolt.
The bolt barely misses the slime creature.
The slime creature barely misses you. The slime creature hits you!
You shoot a bolt. The bolt hits the slime creature!
The slime creature is heavily wounded.
The slime creature completely misses you.
A slime creature comes into view. x2
The slime creature hits you!
You shoot a bolt. The slime creature quivers.
The bolt hits the slime creature!!
The slime creature is almost dead.
The slime creature is no longer more vulnerable to fire.
The slime creature misses you.
Two slime creatures merge to form a large slime creature.
You shoot a bolt. The bolt hits the slime creature!
You kill the slime creature!
A slime creature comes into view.
You shoot a bolt. The bolt hits the large slime creature.
The large slime creature is lightly wounded.
The large slime creature hits you!!!
Ouch! That really hurt!
* * * LOW HITPOINT WARNING * * *
Two slime creatures merge to form a very large slime creature.
Okay, then.
Okay, then.
It was a potion of curing.
You feel better.
The very large slime creature barely misses you.
You shoot a bolt.
The bolt barely misses the very large slime creature.
The very large slime creature hits you!!
You die...

#############
...J@.......#
###########.#
#.# #.# #.#
#.# #.# #.##
#..#


You could see a very large slime creature.

Vanquished Creatures
  Pikel (D:8)
  A troll (D:6)
  A hornet (D:7)
  A slime creature (D:8)
  A wyvern (D:7)
  A steam dragon (D:8)
  2 black bears
  3 ice beasts
  2 sky beasts (D:7)
  A centaur (D:7)
  An ogre (D:6)
  A lemure (D:8)
  A kobold brigand (D:7)
  2 bullfrogs
  2 scorpions
  10 wights (D:7)
  8 killer bees
  2 howler monkeys
  A crimson imp (D:6)
  2 jellies
  5 hounds
  A gnoll bouda (D:4)
  6 orc priests
  6 sleepcaps
  Terence (D:2)
  4 iguanas
  3 orc wizards
  A hound zombie (D:3)
  8 gnolls
  4 adders
  3 shadow imps
  4 ufetubi
  3 worms
  A dart slug (D:3)
  23 orcs
  9 endoplasms
  4 giant cockroaches
  5 goblins
  5 hobgoblins
  6 jackals
  6 quokkas
  9 ball pythons
  7 bats
  11 kobolds
  3 rats
182 creatures vanquished.

Notes
Turn   | Place    | Note
-------+----------+-------------------------------------------
     0 | D:1      | zlionsfan the Kobold Cinder Acolyte began the quest for the
                  | Orb.
     0 | D:1      | Reached XP level 1. HP: 14/14 MP: 2/2
   259 | D:1      | Reached XP level 2. HP: 19/19 MP: 3/3
   259 | D:1      | Upgraded the game from 0.30.0-10-gfe55d96785 to
                  | 0.30.0-11-gf55b779eaf
   767 | D:1      | Reached XP level 3. HP: 23/23 MP: 4/4
   936 | D:1      | Learned a level 2 spell: Scorch
  1125 | D:1      | Found a faded altar of an unknown god.
  1172 | D:2      | Noticed Sigmund
  1229 | D:2      | Reached skill level 1 in Stealth
  1294 | D:2      | Reached XP level 4. HP: 29/29 MP: 5/5
  1357 | D:2      | Noticed Terence
  1390 | D:2      | Killed Terence
  1878 | D:3      | Reached XP level 5. HP: 31/33 MP: 6/6
  1900 | D:3      | Reached skill level 5 in Short Blades
  1949 | D:3      | Reached skill level 1 in Dodging
  2093 | D:3      | Noticed Grinder
  2329 | D:3      | Found a runed translucent door.
  2332 | D:3      | Noticed Crazy Yiuf
  2423 | D:3      | Reached XP level 6. HP: 29/38 MP: 8/8
  2775 | D:4      | Found a snail-covered altar of Cheibriados.
  2829 | D:4      | Reached skill level 1 in Ranged Weapons
  2837 | D:4      | HP: 2/57 [gnoll/+0 spear[a gnoll bouda] (3)]
  3049 | D:4      | Found Jysudd's Weapon Shoppe.
  3115 | D:4      | Found a blossoming altar of Fedhas.
  3196 | D:4      | Reached skill level 2 in Ranged Weapons
  3201 | D:4      | Reached XP level 7. HP: 43/44 MP: 9/9
  3474 | D:4      | Learned a level 1 spell: Freeze
  3588 | D:4      | Found a staircase to the Ecumenical Temple.
  3615 | Temple   | Entered the Ecumenical Temple
  3630 | Temple   | Found a transporter.
  3630 | Temple   | Found a transporter.
  3632 | Temple   | Found a transporter.
  3632 | Temple   | Found a transporter.
  3867 | D:5      | Entered Level 5 of the Dungeon
  3920 | D:5      | Reached skill level 3 in Ranged Weapons
  4101 | D:5      | Reached XP level 8. HP: 43/48 MP: 10/10
  4158 | D:5      | Reached skill level 5 in Fighting
  4337 | D:5      | Reached skill level 4 in Ranged Weapons
  4538 | D:5      | Found a faded altar of an unknown god.
  4543 | D:5      | Found a basalt altar of Yredelemnul.
  4545 | D:5      | Found a faded altar of an unknown god.
  4546 | D:5      | Found an opulent altar of Gozag.
  4551 | D:5      | Found a hide-covered altar of Uskayaw.
  4987 | D:6      | Reached skill level 5 in Ranged Weapons
  5150 | D:6      | Noticed a troll
  5152 | D:6      | Killed a troll
  5153 | D:6      | Reached skill level 6 in Ranged Weapons
  5153 | D:6      | Reached XP level 9. HP: 55/55 MP: 11/11
  5169 | D:6      | Reached skill level 5 in Fire Magic
  5176 | D:6      | Reached skill level 7 in Ranged Weapons
  5416 | D:6      | Found a burning altar of Makhleb.
  5691 | D:7      | Reached skill level 8 in Ranged Weapons
  6016 | D:7      | Reached skill level 9 in Ranged Weapons
  6072 | D:7      | Noticed a hornet
  6075 | D:7      | Killed a hornet
  6076 | D:7      | Reached XP level 10. HP: 58/63 MP: 12/12
  6868 | D:8      | Reached skill level 10 in Ranged Weapons
  7350 | D:8      | Noticed Pikel
  7358 | D:8      | Killed Pikel
  7359 | D:8      | Reached skill level 5 in Dodging
  7395 | D:8      | Learned a level 1 spell: Foxfire
  7487 | D:8      | Demolished by a very large slime creature

Illustrated notes

Levels and vault maps discovered:
D:1:      dpeg_arrival_circle_labyrinth_c, layout_basic,
          shapermc_ecumenical_altar_mp_vishouse
D:2:      layout_rooms, hangedman_abyss_or_decor_stabs, minmay_small_reverse_x,
          uniq_terence, uniq_sigmund
D:3:      layout_basic, serial_undead, serial_undead_e, serial_undead_d,
          serial_undead_f, serial_undead_b, minmay_quadrilaterals,
          uniq_crazy_yiuf_cottage, uniq_grinder
D:4:      layout_loops_cross, nicolae_overflow_hidden_temple,
          mainiacjoe_overflow_brackets, minmay_temple_entry_water_ring,
          serial_shops, shop_statue, nicolae_elevator_lobby_asterisk
D:5:      layout_loops_cross, chequers_temple_overflow_minitemple
D:6:      layout_rooms, makhleb_grotto_becter, kennysheep_potato
D:7:      layout_basic, nrook_campfire
D:8:      layout_loops_ring, nicolae_hepliaklqana_monster_ancestors,
          uniq_joseph, uniq_pikel
Temple:   hellmonk_temple_divided_pantheon

Skill      XL: |  1  2  3  4  5  6  7  8  9 10 |
---------------+-------------------------------+-----
Stealth        | 1 3 4 |  4.7
Fighting       | 4 6 7 8 |  8.4
Short Blades   | 5 6 7 8 9 |  9.0
Dodging        | 1 3 4 5 |  5.1
Ranged Weapons | 2 3 6 9 10 | 10.7
Fire Magic     | 4 5 6 |  6.1
Spellcasting   | |  1.8
Ice Magic      | |  0.1

Action                     |  1- 3 |  4- 6 |  7- 9 | 10-12 || total
---------------------------+-------+-------+-------+-------++-------
  Melee: Short sword       |    71 |   158 |    12 |       ||   241
         Triple crossbow   |       |       |    20 |       ||    20
   Fire: Sling             |       |     2 |       |       ||     2
         Triple crossbow   |       |    22 |   174 |    86 ||   282
   Cast: Scorch            |     2 |     6 |     1 |     2 ||    11
         Freeze            |       |       |       |     1 ||     1
 Invoke: Fiery Armour      |     3 |     4 |     4 |       ||    11
    Use: Scroll            |       |     4 |     6 |       ||    10
         Potion            |       |     1 |       |     1 ||     2
   Stab: Sleeping          |     7 |    10 |       |       ||    17
         Distracted        |       |     2 |       |       ||     2
 Armour: Robe              |    23 |    50 |   102 |    28 ||   203
         Skin              |       |    20 |       |       ||    20
  Dodge: Dodged            |    45 |   122 |   202 |    98 ||   467
